 Dungeon Crawl Stone Soup version 0.31-a0-237-g2d982f9f85 (webtiles) character file.

Game seed: 6514525465925469844

560 qw the Shooter (level 7, -2/44 HPs)
             Began as a Gargoyle Hexslinger on July 11, 2023.
             Slain by an ogre
             ... wielding a +0 giant club
              (25 damage)
             ... on level 4 of the Dungeon.
             The game lasted 00:01:31 (2589 turns).

qw the Shooter (Gargoyle Hexslinger)                Turns: 2589, Time: 00:01:31

Health: -2/44      AC: 14    Str: 11    XL:     7   Next: 31%
Magic:  8/8        EV: 15    Int: 14    God:
Gold:   146        SH:  0    Dex: 14    Spells: 7/8 levels left

rFire   . . .        Y - +1 sling
rCold   . . .        (no shield)
rNeg    + . .        l - +0 ring mail
rPois   inf          (no helmet)
rElec   +            (no cloak)
rCorr   .            o - +1 pair of gloves
SInv    .            t - +1 pair of boots {Fly}
Will    .....        e - amulet of regeneration
Stlth   +            i - +5 ring of evasion
HPRegen 1.07/turn    (no ring)
MPRegen 0.11/turn

%: no passive effects
@: flying
A: sickness immunity, AC +4, negative energy resistance 1, electricity
resistance, torment resistance 1, petrification resistance
a: no special abilities


You were on level 4 of the Dungeon.
You visited 1 branch of the dungeon, and saw 4 of its levels.

You collected 146 gold pieces.


Innate Abilities, Weirdness & Mutations

You are immune to sickness and miasma.
Your stone body is resilient. (AC +4)
You are immune to poison.
You resist negative energy. (rN+)
You are resistant to electric shocks. (rElec)
You are resistant to unholy torment.
You are immune to petrification.


   Skills:
 - Level 4.6 Fighting
 + Level 6.4 Ranged Weapons
 - Level 1.0 Armour
 - Level 1.5 Dodging
 - Level 1.0 Spellcasting
 - Level 2.6 Hexes


You had 7 spell levels left.
You knew the following spells:

 Your Spells              Type           Power      Damage    Failure   Level
a - Slow                  Hex            32%        N/A       21%         1

Your spell library contained the following spells:

 Spells                   Type           Power      Damage    Failure   Level
 Inner Flame              Hex/Fire       4%         N/A       71%         3
 Portal Projectile        Hex/Tloc       8%         N/A       71%         3
 Cause Fear               Hex            4%         N/A       90%         4

Inventory:

Hand Weapons
 Y - a +1 sling (weapon)
Armour
 l - a +0 ring mail (worn)
 o - a +1 pair of gloves (worn)
 t - a +1 pair of boots of flying (worn)
Jewellery
 e - an amulet of regeneration (around neck)
 i - a +5 ring of evasion (left hand)
Scrolls
 a - 2 scrolls of identify
 n - a scroll of teleportation
Potions
 b - a potion of might
 c - a potion of resistance
 f - a potion of cancellation
 g - a potion of curing
 j - a potion of heal wounds

Dungeon Overview and Level Annotations

Branches:
Dungeon (4/15)
 Temple: D:4-7

Altars:
Fedhas
Gozag
Hepliaklqana
Nemelex Xobeh
Xom
Zin

Annotations:
D:4 Natasha


Message History

The sling bullet hits the orc but does no damage.
The ogre misses you.
You shoot a sling bullet. The sling bullet hits the ogre.
The ogre is heavily wounded.
Natasha mumbles some strange words.
The ogre misses you.
You shoot a sling bullet. The sling bullet hits the ogre.
The ogre is heavily wounded.
You shoot a sling bullet. The sling bullet hits the ogre.
The ogre is severely wounded.
The ogre misses you.
You shoot a sling bullet. The sling bullet hits the ogre.
The ogre is severely wounded.
The ogre misses you.
You shoot a sling bullet.
The sling bullet barely misses the ogre.
The sling bullet hits Natasha.
Natasha is moderately wounded.
The ogre barely misses you. The cerulean imp closely misses you.
You shoot a sling bullet.
The sling bullet hits the ogre but does no damage.
The ogre is severely wounded.
You hear a shout!
The cerulean imp barely misses you. The ogre hits you with a +0 giant club!
You shoot a sling bullet.
The sling bullet barely misses the ogre.
The sling bullet closely misses Natasha.
The sling bullet hits the orc but does no damage.
The cerulean imp hits you but does no damage.
You shoot a sling bullet.
The sling bullet completely misses the ogre.
The sling bullet hits Natasha.
Natasha is heavily wounded.
The ogre barely misses you. The cerulean imp closely misses you.
You shoot a sling bullet. The sling bullet hits the ogre!
The ogre is almost dead.
The cerulean imp hits you from afar with a +2 spear.
The ogre hits you with a +0 giant club!!
Ouch! That really hurt!
You die...

..######....#
..............#
.....#####....# #.
#.#####....# #.
#......<...# . #.
#########.## ... #.
#........#
.....#w###........#
....oohO@.......).#
.....55##.........#
....... ##........#
..._8_. ###..###.#
##.._.. ##.# #.#
#..... #.# .#
##.... ... .# ##.o.
#.#. #....


You could see an ogre, a worm, Natasha, 2 cerulean imps and 2 orcs.

Vanquished Creatures
  Eustachio (D:4)
  Menkaure (D:3)
  A black bear (D:2)
  An iguana (D:3)
  Jessica (D:3)
  5 adders
  2 worms (D:2)
  4 dart slugs
  5 orcs
  9 endoplasms
  5 giant cockroaches
  11 goblins
  4 hobgoblins
  5 kobolds
  6 quokkas
  6 ball pythons
  7 bats
  9 frilled lizards
  7 rats
90 creatures vanquished.

Notes
Turn   | Place    | Note
-------+----------+-------------------------------------------
     0 | D:1      | qw the Gargoyle Hexslinger began the quest for the Orb.
     0 | D:1      | Reached XP level 1. HP: 12/12 MP: 2/2
     0 | D:1      | 0 ||| qw: Version: 0.3-a-52-g30416fa
     0 | D:1      | 0 ||| qw: Game counter: 5608
     0 | D:1      | 0 ||| qw: Melee chars always use a shield: true
     0 | D:1      | 0 ||| qw: God list: Okawaru
     0 | D:1      | 0 ||| qw: Allow faded altars: false
     0 | D:1      | 0 ||| qw: Do Orc after clearing Dungeon:15 true
     0 | D:1      | 0 ||| qw: Do second Lair branch before Depths: true
     0 | D:1      | 0 ||| qw: Lair rune preference: random
     0 | D:1      | 0 ||| qw: Goals: Normal
     0 | D:1      | 0 ||| PLANNING D:1-11
   140 | D:1      | Reached XP level 2. HP: 16/16 MP: 3/3
   198 | D:1      | Reached skill level 3 in Ranged Weapons
   536 | D:1      | Reached XP level 3. HP: 21/21 MP: 4/4
   565 | D:1      | 565 ||| UPGRADING to amulet of regeneration.
   596 | D:1      | 596 ||| READING 2 scrolls labelled SEUPPU EFUKOY.
   610 | D:1      | 610 ||| READING scroll labelled LEMUBIO KINO.
   611 | D:1      | 611 ||| DROPPING scroll of poison.
   724 | D:2      | Noticed a black bear
   736 | D:2      | Killed a black bear
   737 | D:2      | Reached skill level 4 in Ranged Weapons
   737 | D:2      | Reached XP level 4. HP: 19/26 MP: 5/5
   737 | D:2      | Reached XP level 5. HP: 21/30 MP: 6/6
   764 | D:2      | Found a glowing silver altar of Zin.
   929 | D:2      | Reached skill level 5 in Ranged Weapons
  1523 | D:2      | Reached skill level 3 in Fighting
  1667 | D:2      | 1667 ||| UPGRADING to +0 leather armour.
  1677 | D:2      | 1677 ||| DROPPING +0 robe.
  1678 | D:2      | 1678 ||| UPGRADING to +0 ring mail.
  1688 | D:2      | 1688 ||| DROPPING +0 leather armour.
  1689 | D:2      | 1689 ||| UPGRADING to +0 pair of boots.
  1694 | D:2      | 1694 ||| READING scroll labelled MEBBAC FICK.
  1695 | D:2      | 1695 ||| READING scroll labelled BEXZOPR MOUTT.
  1696 | D:2      | 1696 ||| READING scroll labelled ECECOC POTIU.
  1697 | D:2      | 1697 ||| DRINKING 2 golden potions.
  1698 | D:2      | 1698 ||| DRINKING 2 smoky coppery potions.
  1837 | D:3      | Found an opulent altar of Gozag.
  1931 | D:3      | Reached skill level 1 in Armour
  1979 | D:3      | Noticed Jessica
  1983 | D:3      | Killed Jessica
  1984 | D:3      | Reached XP level 6. HP: 37/37 MP: 7/7
  2112 | D:3      | Found a glowing silver altar of Zin.
  2231 | D:3      | Found a sparkling altar of Nemelex Xobeh.
  2432 | D:3      | 2432 ||| UPGRADING to +1 pair of gloves.
  2437 | D:3      | 2437 ||| UPGRADING to +1 pair of boots of flying.
  2447 | D:3      | 2447 ||| DROPPING +0 pair of boots.
  2448 | D:3      | 2448 ||| DROPPING amulet of guardian spirit.
  2449 | D:3      | 2449 ||| UPGRADING to +5 ring of evasion.
  2450 | D:3      | 2450 ||| READING 3 scrolls labelled MIM HESCHOPSUST.
  2451 | D:3      | 2451 ||| READING 2 scrolls labelled GYCESHRI HUGI.
  2455 | D:3      | 2455 ||| READING scroll labelled ARAGAGA ZUPS.
  2456 | D:3      | 2456 ||| DRINKING 2 brown potions.
  2457 | D:3      | 2457 ||| DRINKING 2 grey potions.
  2458 | D:3      | 2458 ||| READING 6 scrolls of identify.
  2458 | D:3      | 2458 ||| IDENTIFYING fizzy ruby potion
  2459 | D:3      | 2459 ||| READING 5 scrolls of identify.
  2459 | D:3      | 2459 ||| IDENTIFYING pink potion
  2460 | D:3      | 2460 ||| READING 4 scrolls of identify.
  2460 | D:3      | 2460 ||| IDENTIFYING fuming black potion
  2461 | D:3      | 2461 ||| READING 3 scrolls of identify.
  2461 | D:3      | 2461 ||| IDENTIFYING ruby potion
  2462 | D:3      | 2462 ||| READING 2 scrolls of identify.
  2462 | D:3      | 2462 ||| IDENTIFYING lumpy purple potion
  2463 | D:3      | 2463 ||| DROPPING potion of attraction.
  2464 | D:3      | 2464 ||| DROPPING potion of degeneration.
  2465 | D:3      | 2465 ||| DROPPING 2 scrolls of noise.
  2466 | D:3      | 2466 ||| DROPPING potion of brilliance.
  2467 | D:3      | 2467 ||| DROPPING potion of magic.
  2484 | D:4      | Noticed Menkaure
  2486 | D:4      | 2486 ||| STAIRDANCE
  2497 | D:3      | Killed Menkaure
  2498 | D:3      | Reached skill level 6 in Ranged Weapons
  2543 | D:4      | Found a shimmering altar of Xom.
  2544 | D:4      | Found a hazy altar of Hepliaklqana.
  2544 | D:4      | Found a blossoming altar of Fedhas.
  2544 | D:4      | Noticed Natasha
  2544 | D:4      | Noticed Eustachio
  2551 | D:4      | 2551 ||| Stepping ~*~*~tactically~*~*~ (outnumbered).
  2573 | D:4      | Killed Eustachio
  2574 | D:4      | Reached XP level 7. HP: 41/44 MP: 8/8
  2589 | D:4      | Slain by an ogre

Levels and vault maps discovered:
D:1:      lightli_molten_gateway, layout_basic
D:2:      minmay_chambers_of_ones, layout_loops_corners, basic_altar,
          minmay_quadrilaterals
D:3:      minmay_wonky_spiral, layout_basic, grunt_gozag_statues,
          nemelex_diamond_rough_becter, nicolae_overflow_hidden_temple,
          kennysheep_jessica_study
D:4:      layout_basic, grunt_qazlal_clouds,
          chequers_temple_overflow_statue_of_worship, st_stairs_5, uniq_natasha,
          uniq_menkaure, uniq_eustachio

Skill      XL: |  1  2  3  4  5  6 |
---------------+-------------------+-----
Ranged Weapons | 3 4 5 6 |  6.4
Fighting       | 2 3 4 |  4.6
Armour         | 1 |  1.0
Dodging        | |  1.5
Spellcasting   | |  1.0
Hexes          | |  2.6

Action                     |  1- 3 |  4- 6 |  7- 9 || total
---------------------------+-------+-------+-------++-------
   Fire: Sling             |    83 |   306 |    16 ||   405
    Use: Scroll            |     2 |    11 |       ||    13
         Potion            |       |     4 |       ||     4
 Armour: Robe              |    19 |    29 |       ||    48
         Ring mail         |       |    65 |     1 ||    66
  Dodge: Dodged            |    40 |   157 |    11 ||   208

Table legend:
 A = Non-vault XP
 B = Vault XP
 C = Vault XP percentage of total XP
 D = Non-vault monster count
 E = Vault monster count
 F = Vault count percentage of total count
                 A         B        C        D         E       F
            +---------+---------+-------+---------+---------+-------
      Total |     345 |     455 |  56.9 |      74 |      16 |  17.8
            +---------+---------+-------+---------+---------+-------
        D:1 |      37 |       0 |   0.0 |      21 |       0 |   0.0
        D:2 |     207 |      38 |  15.5 |      22 |      10 |  31.2
        D:3 |      78 |     214 |  73.3 |      26 |       5 |  16.1
        D:4 |      23 |     203 |  89.8 |       5 |       1 |  16.7
            +---------+---------+-------+---------+---------+-------
